 Dungeon Crawl Stone Soup version 0.25.1-2-g60ff931df9 (console) character file.

Game seed: 2768523630079125001

17 Colgate the Caller (level 2, 0/15 HPs)
             Began as a Deep Elf Summoner on Aug 7, 2020.
             Succumbed to an adder's poison
             ... on level 2 of the Dungeon.
             The game lasted 00:22:05 (370 turns).

Colgate the Caller (Deep Elf Summoner)               Turns: 370, Time: 00:22:05

Health: 0/15       AC:  2    Str:  5    XL:     2   Next: 44%
Magic:  4/8        EV: 13    Int: 19    God:
Gold:   8          SH:  0    Dex: 15    Spells: 4/7 levels left

rFire    . . .     SeeInvis .   e - +0 dagger
rCold    . . .     Gourm    .   (no shield)
rNeg     . . .     Faith    .   a - +0 robe
rPois    .         Spirit   .   (no helmet)
rElec    .         Reflect  .   (no cloak)
rCorr    .         Harm     .   (no gloves)
MR       .....                  (no boots)
Stlth    ++........             (no amulet)
HPRegen  0.05/turn              (no ring)
MPRegen  0.11/turn              (no ring)

@: lethally poisoned (0 -> -8)
A: no striking features
a: no special abilities


You were on level 2 of the Dungeon.
You were not hungry.

You visited 1 branch of the dungeon, and saw 2 of its levels.

You collected 8 gold pieces.

Inventory:

Hand Weapons
 e - a +0 dagger (weapon)
Missiles
 b - 3 stones (quivered)
 d - 22 sling bullets
Armour
 a - a +0 robe (worn)
Scrolls
 g - a scroll of remove curse {unknown}
Comestibles
 c - a ration
 f - 4 chunks of flesh


   Skills:
 - Level 2.4 Dodging
 - Level 2.4 Stealth
 + Level 3.3 Spellcasting
 - Level 5.0 Summonings


You had 4 spell levels left.
You knew the following spells:

 Your Spells              Type           Power        Failure   Level  Hunger
a - Summon Small Mammal   Summ           ###.         1%          1    None
b - Call Imp              Summ           ###.....     2%          2    ##.....

Your spell library contained the following spells:

 Spells                   Type           Power        Failure   Level  Hunger
 Call Canine Familiar     Summ           ###.....     5%          3    ###....
 Summon Guardian Golem    Hex/Summ       ##......     16%         3    ###....
 Summon Ice Beast         Ice/Summ       ##......     45%         4    ####...
 Summon Lightning Spire   Summ/Air       ##......     45%         4    ####...


Dungeon Overview and Level Annotations

Branches:
Dungeon (1/15)

Altars:


Message History

Your crimson imp closely misses the adder.
You closely miss the adder.
The adder is almost dead.
Your crimson imp blinks!
The adder barely misses you.
Your crimson imp misses the adder.
You closely miss the adder.
The adder is almost dead.
The adder bites you.
* * * LOW HITPOINT WARNING * * *
You are lethally poisoned!
The adder poisons you!
Your crimson imp hits the adder but does no damage.
You aren't carrying any potions.
You closely miss the adder.
The adder is almost dead.
* * * LOW HITPOINT WARNING * * *
You feel sick. The adder misses you. The adder barely misses you.
Your crimson imp misses the adder.
You hit the adder.
You kill the adder!
You die...

###(# #...# ##
#...# .. #.<(#
. #...#.#
#####..(#.####.
........(.....(
#.##..# #.##..#
#.5†g.# #.@#†##
#..#.# #..#.#
#..#.# #..#.#
#)†#(. #..###
#..# #..# #..#
#..#


You could see a goblin and a friendly crimson imp (summoned).

Vanquished Creatures
  An adder (D:2)
  2 giant cockroaches
  A hobgoblin (D:2)
  A bat (D:1)
  A kobold (D:2)
  A rat (D:1)
7 creatures vanquished.

Vanquished Creatures (collateral kills)
  A leopard gecko (D:1)
  A bat (D:2)
  2 hobgoblins (D:1)
  A frilled lizard (D:1)
  A goblin (D:1)
6 creatures vanquished.

Grand Total: 13 creatures vanquished

Notes
Turn   | Place    | Note
-------+----------+-------------------------------------------
     0 | D:1      | Colgate the Deep Elf Summoner began the quest for the Orb.
     0 | D:1      | Reached XP level 1. HP: 10/10 MP: 6/6
   295 | D:1      | You fall into a shaft and drop 1 floor!
   296 | D:2      | Reached XP level 2. HP: 15/15 MP: 8/8
   308 | D:2      | Learned a level 2 spell: Call Imp
   342 | D:2      | Reached skill level 5 in Summonings
   370 | D:2      | Succumbed to an adder's poison

Illustrated notes

Levels and vault maps discovered:
D:1:      dpeg_arrival_rooms_b, layout_basic, minmay_shallow_snake_nest
D:2:      cheibrodos_fertilizer, layout_basic, st_stairs_14

Skill      XL: |  1  2 |
---------------+-------+-----
Summonings     | 5 |  5.0
Dodging        | |  2.4
Stealth        | |  2.4
Spellcasting   | |  3.3

Action                   || total
-------------------------++-------
Melee: Dagger            ||    27
       Unarmed           ||     4
Throw: Stone             ||    25
 Cast: Summon Small Mamm ||    20
       Call Imp          ||     2
 Stab: Sleeping          ||     2
Armor: Robe              ||     6
Dodge: Dodged            ||    28
